 Dungeon Crawl Stone Soup: Circus Animals version 1.7-37-g2c94cca (webtiles) character file.

24 Ihatecarrots00 the Chopper (level 5, -1/189 HPs) *EASY*
             Began as a Minotaur Berserker on Sept 2, 2016.
             Was a High Priest of Trog.
             Slain by a seven-headed hydra (8 damage)
             ... on level 4 of the Dungeon.
             The game lasted 00:07:35 (3313 turns).

Ihatecarrots00 the Chopper (Minotaur Berserker)     Turns: 3313, Time: 00:07:36

Health: -1/189     AC:  7    Str: 33    XL:     5   Next: 42%
Magic:  75/75      EV:  4    Int:  4    God:    Trog [*****.]
Gold:   266        SH: 14    Dex:  9    Spells: 0 memorised, 4 levels left

rFire  . . .     rPois    .     f - +2 hand axe (chop)
rCold  . . .     rElec    .     g - +0 scale mail
rNeg   . . .     rCorr    .     i - +0 large shield MagicSh . . . SeeInvis .
                                (helmet restricted) StaminaSh . . . Faith .
                                (no cloak) RegenHP +++++.....
SustAt .                        (no gloves) RegenSP +++....... Dismiss .
                                (no boots) RegenMP +++....... Reflect .
                                (no amulet)
MR     .....     Harm     .     (no ring)
Stlth  ..........               (no ring)

@: berserking, very quick, not resistant to hostile enchantments, extremely
unstealthy
A: retaliatory headbutt, horns 2
a: Berserk, Trog's Hand, Brothers in Arms, Burn Spellbooks, Renounce Religion


You were on level 4 of the Dungeon.
You worshipped Trog.
Trog was extremely pleased with you.
You were not hungry.

You visited 1 branch of the dungeon, and saw 4 of its levels.

You collected 266 gold pieces.

Inventory:

Hand Weapons
 a - a +0 hand axe
 f - a +2 hand axe of chopping (weapon)
Armour
 b - a +0 animal skin
 g - a +0 scale mail (worn)
 h - a cursed +0 helmet
 i - a +0 large shield (worn)
Jewellery
 c - an uncursed ring of wizardry {unknown}
 d - a +4 ring of dexterity {unknown}
 e - a cursed ring of teleportation {unknown}
 k - an uncursed ring of see invisible {unknown}
 l - an uncursed amulet of stamina regeneration {unknown}
Wands
 j - a wand of flame (9/48)
 m - a wand of teleportation (6/9)
Scrolls
 d - 4 scrolls of remove curse {unknown}
 e - 2 scrolls of enchant weapon {unknown}
 f - 2 scrolls of fear {unknown}
 g - 6 scrolls of teleportation {unknown}
 h - 3 scrolls of enchant armour {unknown}
 i - a scroll of random uselessness {unknown}
 k - 7 scrolls of identify {unknown}
 n - 3 scrolls of recharging {unknown}
 o - a scroll of amnesia {unknown}
 q - 5 scrolls of magic mapping {unknown}
 t - 3 scrolls of noise {unknown}
 v - a scroll of blinking {unknown}
 y - a scroll of fog {unknown}
Potions
 a - 6 potions of heal wounds
 b - 8 potions of stamina
 c - 6 potions of magic
 j - a potion of agility {unknown}
 l - 2 potions of haste {unknown}
 m - 10 potions of curing {unknown}
 p - 4 potions of flight {unknown}
 r - a potion of cure mutation {unknown}
 s - a potion of cancellation {unknown}
 u - a potion of brilliance {unknown}
 w - a potion of resistance {unknown}
 x - 2 potions of mutation {unknown}
Books
 z - a book of Debilitation

   Spells                             Type                      Level
   a - Corona                         Hexes/Light                  1
   b - Slow                           Hexes/Time                   2
   c - Tukima's Dance                 Hexes/Summoning              3
   d - Inner Flame                    Hexes/Fire/Time              3
   e - Cause Fear                     Hexes/Darkness               4
   f - Summon Mana viper              Hexes/Summoning              5
   Trog disapproves of the use of such an item.


   Skills:
 + Level 5.0 Fighting
 + Level 5.1 Axes
 + Level 3.4 Armour
 + Level 2.5 Dodging


You had 4 spell levels left.
You didn't know any spells.

Dungeon Overview and Level Annotations

Branches:
Dungeon (4/7)

Altars:
Dithmenos
Nemelex Xobeh


Innate Abilities, Weirdness & Mutations

You reflexively headbutt those who attack you in melee.
You have a pair of horns on your head.


Message History

You are too injured to fight recklessly!
You are too injured to fight recklessly!
The six-headed hydra bites you. (hp-2)
* * * LOW HITPOINT WARNING * * *; The six-headed hydra closely misses you.
The six-headed hydra bites you. (hp-1)
* * * LOW HITPOINT WARNING * * *; You block the six-headed hydra's attack.
The six-headed hydra bites you! (hp-12)
* * * LOW HITPOINT WARNING * * *; The six-headed hydra bites you! (hp-7)
* * * LOW HITPOINT WARNING * * *
You chop one of the six-headed hydra's heads off!
The five-headed hydra grows two more! (mon hp+15)
You slash the seven-headed hydra! (mon hp-9) (mon hp-6)
Your headbutt misses the seven-headed hydra.
You block the seven-headed hydra's attack.
The seven-headed hydra bites you! (hp-12)
* * * LOW HITPOINT WARNING * * *; The seven-headed hydra bites you! (hp-9)
* * * LOW HITPOINT WARNING * * *; The seven-headed hydra bites you. (hp-2)
* * * LOW HITPOINT WARNING * * *; You block the seven-headed hydra's attack.
The seven-headed hydra bites you! (hp-8)
You die...

....#.###...## ..##.........†
....#...††.## ..##...........
#...#..##..# ###.....#......
#...##.##.##
#####.......##.....
##...#....#
#...........##.....
##..##.#.#
....###.##......#...
###.#...# .##.#
#.##...##.....
#######$#.##.###......###....
#!....@......#..# #.##.
#####.D.........# #.##.
#)###.....##..# #.# .
##..##....##..# #.# #
#...##.......# ##...#..###..#
#...##.# #..###.#
#.)..#.###......#
#....#...........#


You could see a seven-headed hydra.

Vanquished Creatures
  2 centaurs
  Ijyb (D:2)
  3 dart slugs
  2 hounds (D:4)
  2 giant geckos (D:1)
  5 orcs
  4 worker ants (D:4)
  13 adders
  5 giant cockroaches
  5 gnolls
  11 goblins
  11 hobgoblins
  4 jackals
  A quokka (D:3)
  An adder skeleton (D:3)
  2 ball pythons (D:3)
  16 bats
  4 giant newts
  11 kobolds
  An ooze (D:3)
  A quokka skeleton (D:4)
  15 rats
  2 worms
122 creatures vanquished.

Notes
Turn   | Place    | Note
-------+----------+-------------------------------------------
     0 | D:1      | Ihatecarrots00 the Minotaur Berserker began the quest for the Orb.
     0 | D:1      | Reached XP level 1. HP: 39/39 MP: 75/75
   157 | D:1      | Reached XP level 2. HP: 47/51 MP: 75/75
   286 | D:1      | Reached XP level 3. HP: 62/63 MP: 75/75
   352 | D:1      | Reached ** piety under Trog
  1521 | D:2      | Found a sparkling altar of Nemelex Xobeh.
  1527 | D:2      | Reached XP level 4. HP: 74/76 MP: 75/75
  1572 | D:2      | Found a shadowy altar of Dithmenos.
  1694 | D:2      | Reached *** piety under Trog
  2078 | D:2      | Noticed Ijyb
  2090 | D:2      | Killed Ijyb
  2340 | D:3      | Reached **** piety under Trog
  2370 | D:3      | Reached skill level 5 in Axes
  2679 | D:3      | Reached skill level 5 in Fighting
  2679 | D:3      | Reached XP level 5. HP: 57/88 MP: 75/75
  3117 | D:4      | Reached ***** piety under Trog
  3303 | D:4      | Noticed a two-headed hydra
  3313 | D:4      | HP: 18/189 [seven-headed hydra (12)]
  3313 | D:4      | HP: 7/189 [seven-headed hydra (2)]
  3313 | D:4      | Slain by a seven-headed hydra

Skill      XL: |  1  2  3  4 |
---------------+-------------+-----
Armour         | 3 |  3.4
Axes           | 5 |  5.1
Fighting       | 5 |  5.0
Dodging        | |  2.5

Action                   |  1- 3 |  4- 6 || total
-------------------------+-------+-------++-------
Melee: Hand axe          |    71 |   209 ||   280
       Headbutt          |    11 |    32 ||    43
Invok: Berserk           |       |     1 ||     1
 Stab: Sleeping          |     2 |     1 ||     3
Armor: Animal skin       |     9 |     5 ||    14
       Scale mail        |       |    49 ||    49
Dodge: Dodged            |    39 |    88 ||   127
Block: Large shield      |       |   132 ||   132
